 Dungeon Crawl Stone Soup version 0.19.0 (webtiles) character file.

1613 Franakus the Tainter (level 8, -4/49 HPs)
             Began as an Octopode Venom Mage on Nov 1, 2016.
             Was an Initiate of Sif Muna.
             Slain by a hell rat (5 damage)
             ... summoned by a deep elf mage
             ... in a bailey.
             The game lasted 01:25:16 (6258 turns).

Franakus the Tainter (Octopode Venom Mage)          Turns: 6258, Time: 01:25:18

Health: -4/49      AC:  1    Str:  7    XL:     8   Next: 95%
Magic:  8/17       EV: 13    Int: 19    God:    Sif Muna [......]
Gold:   486        SH:  0    Dex: 13    Spells: 4 memorised, 12 levels left

rFire  . . .     SeeInvis .     w - +1 spear (venom)
rCold  + . .     Gourm    .     (no shield)
rNeg   . . .     Faith    +     (helmet restricted)
rPois  .         Spirit   .     s - amulet of faith
rElec  .         Reflect  .     c - ring of protection from cold
rCorr  .         Harm     .     (no ring)
MR     .....                    (no ring)
Stlth  ++++......               (no ring)
                                (no ring)
                                (no ring)
                                (no ring)
                                (no ring)

@: very slightly contaminated, drained
A: almost no armour, stealthy swim, amphibious, 8 rings, constrict 8, camouflage
1, gelatinous body 1
a: Renounce Religion


You were in a bailey.
You worshipped Sif Muna.
Sif Muna was noncommittal.
You were very hungry.

You visited 2 branches of the dungeon, and saw 8 of its levels.
You also visited: Bailey.

You collected 486 gold pieces.

Inventory:

Hand Weapons
 v - a +2 whip of venom
 w - a +1 spear of venom (weapon)
 B - a +2 dagger
Missiles
 d - 33 sling bullets
 y - a throwing net (quivered)
Jewellery
 c - a ring of protection from cold (left tentacle)
 s - an amulet of faith (around mantle)
Scrolls
 j - 2 scrolls of identify
 t - 4 scrolls of remove curse
 u - a scroll of enchant weapon
 x - a scroll of fear
 A - a scroll of vulnerability {unknown}
 C - a scroll of blinking {unknown}
Potions
 e - a potion of heal wounds {unknown}
 f - a potion of berserk rage {unknown}
 h - a potion of magic {unknown}
 i - 3 potions of might {unknown}
 l - 2 potions of curing
 m - a potion of flight {unknown}
 p - 2 potions of agility {unknown}
 q - a potion of brilliance {unknown}
 r - 2 potions of lignification {unknown}
 z - a potion of haste {unknown}
Books
 a - a Young Poisoner's Handbook

   Spells                             Type                      Level
   a - Sting                          Conjuration/Poison           1
   b - Mephitic Cloud                 Conjuration/Poison/Air       3
   c - Olgreb's Toxic Radiance        Poison                       4
   d - Alistair's Intoxication        Transmutation/Poison         5
   e - Venom Bolt                     Conjuration/Poison           5
 n - a book of Conjurations

   Spells                             Type                      Level
   a - Magic Dart                     Conjuration                  1
   b - Searing Ray                    Conjuration                  2
   c - Dazzling Spray                 Conjuration/Hexes            3
   d - Fulminant Prism                Conjuration/Hexes            4
   e - Iskenderun's Mystic Blast      Conjuration                  4
   f - Iskenderun's Battlesphere      Conjuration/Charms           5
Comestibles
 b - 4 bread rations
 k - 6 meat rations
 o - 3 slices of pizza


   Skills:
 + Level 1.7(1.1) Fighting
 + Level 1.4(0.8) Polearms
 + Level 2.9(2.3) Dodging
 + Level 4.8(4.2) Stealth
 * Level 6.0(5.4) Spellcasting
 * Level 5.0(4.4) Conjurations
 + Level 0.6(0.0) Air Magic
 * Level 8.3(7.7) Poison Magic


You had 12 spell levels left.
You knew the following spells:

 Your Spells              Type           Power        Failure   Level  Hunger
a - Sting                 Conj/Pois      ####         1%          1    None
b - Mephitic Cloud        Conj/Pois/Air  ###.....     10%         3    ##.....
c - Magic Dart            Conj           ###.         1%          1    None
d - Searing Ray           Conj           ###...       3%          2    None


Dungeon Overview and Level Annotations

Branches:
Dungeon (7/15)             Temple (1/1) D:7

Altars:
Ashenzari
Elyvilon
Fedhas
Hepliaklqana
Makhleb
Okawaru
Ru
Sif Muna
Trog
Uskayaw
Xom
Yredelemnul
Zin


Innate Abilities, Weirdness & Mutations

You cannot wear most types of armour.
You are very stealthy in the water. (Stealth+)
You are amphibious.
You can wear up to eight rings at the same time.
You can use your tentacles to constrict eight enemies at once.
Your skin changes colour to match your surroundings (Stealth+).
Your rubbery body absorbs attacks. (AC +1, EV +1)


Message History

The jumping spider is engulfed in noxious fumes.
Casting: Mephitic Cloud
Confirm with . or Enter, or press ? or * to list all spells.
Aiming: Mephitic Cloud
Press: ? - help, Shift-Dir - straight line, f - jumping spider, p - deep elf mage
Aim: a jumping spider (confused, clinging, summoned)
You miscast Mephitic Cloud.
You are very lightly contaminated with residual magic.
You feel mildly nauseous. The hell rat barely misses you.
The deep elf mage hits you with a long sword!
* * * LOW HITPOINT WARNING * * *
The hell rat misses you.
A deep elf mage comes into view. It is wielding a rapier.
The jumping spider seems less confused.
The deep elf mage casts a spell.
The deep elf mage blinks!
The jumping spider barely misses you. The jumping spider bites you.
* * * LOW HITPOINT WARNING * * *
The hell rat bites you.
You die...

#####
##...##
###
#..∩..#
..##
#.....#
...#
##...##
...#
####'##..#
##...##
#.sre.#
#.e@.e#
#.§...#
#..§.##
#'#####
..# ...
.e. ..


You could see 4 deep elf magi, a jumping spider and a hell rat.

Vanquished Creatures
  A hungry ghost (D:7)
  2 orc warriors
  A sky beast (D:5)
  An ogre (D:4)
  3 bullfrogs
  A scorpion (D:5)
  A wight (D:7)
  3 hounds
  2 orc wizards
  3 orc priests
  A centaur skeleton (D:6)
  2 bullfrog skeletons
  Jessica (D:3)
  3 iguanas (D:6)
  4 worker ants
  A hound zombie (D:5)
  2 worker ant zombies
  Robin (D:3)
  7 gnolls
  11 adders
  3 oozes
  An adder zombie (D:7)
  5 worms
  4 dart slugs
  A leopard gecko (D:3)
  16 orcs
  2 giant cockroaches
  10 goblins
  10 hobgoblins
  4 jackals (D:1)
  7 quokkas
  3 ball pythons
  7 bats
  2 frilled lizards (D:1)
  A jackal zombie (D:5)
  3 kobolds (D:2)
  A quokka skeleton (D:5)
  4 rats
135 creatures vanquished.

Notes
Turn   | Place    | Note
-------+----------+-------------------------------------------
     0 | D:1      | Franakus the Octopode Venom Mage began the quest for the Orb.
     0 | D:1      | Reached XP level 1. HP: 11/11 MP: 3/3
    47 | D:1      | Reached skill level 5 in Poison Magic
    67 | D:1      | Reached XP level 2. HP: 4/17 MP: 1/5
   310 | D:1      | Reached XP level 3. HP: 12/21 MP: 2/6
   315 | D:1      | Learned a level 3 spell: Mephitic Cloud
   758 | D:2      | Reached XP level 4. HP: 27/27 MP: 5/7
   961 | D:2      | Found a burning altar of Makhleb.
   964 | D:2      | Found a basalt altar of Yredelemnul.
  1413 | D:3      | Learned a level 1 spell: Magic Dart
  1416 | D:3      | Learned a level 2 spell: Searing Ray
  1565 | D:3      | Noticed Jessica
  1592 | D:3      | Killed Jessica
  1592 | D:3      | Reached skill level 1 in Conjurations
  1592 | D:3      | Reached skill level 6 in Poison Magic
  1592 | D:3      | Reached XP level 5. HP: 32/32 MP: 1/8
  2539 | D:3      | Noticed Robin
  2555 | D:3      | Killed Robin
  2787 | D:4      | Noticed an ogre
  2818 | D:4      | Killed an ogre
  2818 | D:4      | Reached skill level 1 in Fighting
  2818 | D:4      | Reached XP level 6. HP: 38/38 MP: 1/10
  3303 | D:5      | Entered Level 5 of the Dungeon
  3642 | D:5      | Reached skill level 7 in Poison Magic
  3668 | D:5      | Reached XP level 7. HP: 35/43 MP: 6/12
  4469 | D:6      | Found a bloodstained altar of Trog.
  4505 | D:6      | Reached XP level 8. HP: 47/48 MP: 3/15
  4744 | D:6      | Reached skill level 5 in Spellcasting
  5221 | D:6      | Reached skill level 8 in Poison Magic
  5684 | D:7      | Reached skill level 1 in Polearms
  5842 | D:7      | Found a staircase to the Ecumenical Temple.
  5893 | Temple   | Entered the Ecumenical Temple
  6037 | Temple   | Became a worshipper of Sif Muna the Loreminder
  6142 | D:7      | Reached skill level 5 in Conjurations
  6165 | D:7      | Found a flagged portal.
  6174 | Bailey   | Entered a bailey
  6249 | Bailey   | Noticed a deep elf mage
  6253 | Bailey   | Noticed a jumping spider
  6254 | Bailey   | Noticed a deep elf mage
  6254 | Bailey   | Noticed a deep elf mage
  6258 | Bailey   | Noticed a deep elf mage
  6258 | Bailey   | HP: 1/49 [jumping spider[a deep elf mage] (6)]
  6258 | Bailey   | Slain by a hell rat

Skill      XL: |  1  2  3  4  5  6  7  8 |
---------------+-------------------------+-----
Poison Magic   | 5 6 7 8 |  8.3
Stealth        | 3 4 |  4.8
Conjurations   | 1 2 3 5 |  5.0
Fighting       | 1 |  1.7
Spellcasting   | 3 4 6 |  6.0
Polearms       | 1 |  1.4
Dodging        | |  2.9
Air Magic      | |  0.6

Action                   |  1- 3 |  4- 6 |  7- 9 || total
-------------------------+-------+-------+-------++-------
Melee: Unarmed           |    48 |    81 |     1 ||   130
       Tentacles         |     8 |    14 |    10 ||    32
       Constrict         |     9 |    21 |    16 ||    46
       Spear             |       |       |    60 ||    60
 Cast: Sting             |    36 |    90 |    85 ||   211
       Mephitic Cloud    |       |     7 |    13 ||    20
       Magic Dart        |       |     9 |     9 ||    18
       Searing Ray       |       |     4 |    11 ||    15
  Use: Scroll            |       |       |     8 ||     8
       Potion            |       |       |     2 ||     2
 Stab: Sleeping          |       |     5 |       ||     5
       Confused          |       |       |     3 ||     3
  Eat: Chunk             |       |    10 |     7 ||    17
       Fruit             |       |       |     2 ||     2
Armor: Skin              |     4 |     5 |     3 ||    12
Dodge: Dodged            |    36 |    53 |    55 ||   144
